 Dungeon Crawl Stone Soup version 0.25.1-2-g60ff931df9 (webtiles) character file.

Game seed: 12146634608266492805

65 DogServant the Ruffian (level 3, -8/28 HPs)
             Began as a Draconian Transmuter on Nov 17, 2020.
             Killed from afar by an orc wizard (12 damage)
             ... with a puff of flame
             ... on level 3 of the Dungeon.
             The game lasted 00:02:39 (1685 turns).

DogServant the Ruffian (Draconian Transmuter)       Turns: 1685, Time: 00:02:40

Health: -8/28      AC:  5    Str: 13    XL:     3   Next: 92%
Magic:  6/6        EV: 12    Int: 13    God:
Gold:   149        SH:  0    Dex: 11    Spells: 5/6 levels left

rFire    . . .     SeeInvis .     - Unarmed
rCold    . . .     Gourm    .   (no shield)
rNeg     . . .     Faith    .   (armour unavailable)
rPois    .         Spirit   .   (helmet restricted)
rElec    .         Reflect  .   (no cloak)
rCorr    .         Harm     .   (no gloves)
MR       .....                  (no boots)
Stlth    +.........             (no amulet)
HPRegen  0.09/turn              (no ring)
MPRegen  0.10/turn              (no ring)

@: appendage (expiring)
A: unfitting armour, horns 2, cold-blooded, AC +5
a: End Transformation


You were on level 3 of the Dungeon.
You were not hungry.
You had grown temporary horns.
You visited 1 branch of the dungeon, and saw 3 of its levels.

You collected 149 gold pieces.

Inventory:

Missiles
 a - 26 arrows
 g - 7 javelins (quivered)
 h - 6 curare-tipped darts
Scrolls
 d - 3 scrolls of identify {unknown}
 e - 3 scrolls of fog {unknown}
 i - a scroll of remove curse {unknown}
 j - a scroll of amnesia {unknown}
 n - a scroll of enchant armour {unknown}
Potions
 b - a potion of haste {unknown}
 f - 2 potions of lignification {unknown}
 k - a potion of ambrosia {unknown}
 l - a potion of might {unknown}
 m - a potion of mutation {unknown}
 o - a potion of brilliance {unknown}
 p - a potion of degeneration {unknown}
Comestibles
 c - 3 rations
 q - a chunk of flesh


   Skills:
 - Level 1.1 Fighting
 - Level 2.0 Dodging
 + Level 3.9 Unarmed Combat
 - Level 2.0 Spellcasting
 + Level 3.2 Transmutations


You had 5 spell levels left.
You knew the following spells:

 Your Spells              Type           Power        Failure   Level  Hunger
a - Beastly Appendage     Tmut           #.....       7%          1    ##.....

Your spell library contained the following spells:

 Spells                   Type           Power        Failure   Level  Hunger
 Sticks to Snakes         Tmut           #.......     10%         2    ###....
 Spider Form              Tmut/Pois      #.........   36%         3    ####...
 Ice Form                 Ice/Tmut       #.......     78%         4    #####..
 Blade Hands              Tmut           #.........   88%         5    ######.


Dungeon Overview and Level Annotations

Branches:
Dungeon (3/15)

Altars:
Okawaru
Sif Muna


Innate Abilities, Weirdness & Mutations

Your plain brown scales are hard. (AC +5)
You cannot fit into any form of body armour.
You are cold-blooded and may be slowed by cold attacks.
You have a pair of horns on your head.


Message History

The orc wizard barely misses you.
You hit the orc wizard.
Your tail-slap misses the orc wizard.
The orc wizard is severely wounded.
The orc wizard hits you with a +0 dagger.
* * * LOW HITPOINT WARNING * * *
You hit the orc wizard but do no damage.
Your headbutt misses the orc wizard.
Your tail-slap misses the orc wizard.
The orc wizard is severely wounded.
The orc wizard gestures at you while chanting.
The puff of flame misses you.
You hit the orc wizard. Your headbutt misses the orc wizard.
Your tail-slap misses the orc wizard.
The orc wizard is almost dead.
The orc wizard hits you with a +0 dagger.
* * * LOW HITPOINT WARNING * * *
You miss the orc wizard.
The orc wizard is almost dead.
The orc wizard casts a spell at you. The puff of flame hits you!
You die...

....# #.....#.#..#....# ..
#..# #...#.#.#..รท....#
....###.#####...#......#.##.#
#......................#.#
###.##...........#.#.#.#####
........#####.####..........
...............)...#.#......
.........####.##############
....(.....o@.......
.........####.#####
....(....## #... #####+#...#
#+### #.......o.. #..........
#.......... #..........
#..........


You could see an orc wizard.

Vanquished Creatures
  An adder (D:2)
  A worm (D:2)
  2 dart slugs
  2 leopard geckos
  4 orcs (D:3)
  5 bats
  3 giant cockroaches
  6 goblins
  4 hobgoblins
  A quokka (D:2)
  2 frilled lizards
  4 kobolds
  8 rats
43 creatures vanquished.

Notes
Turn   | Place    | Note
-------+----------+-------------------------------------------
     0 | D:1      | DogServant the Draconian Transmuter began the quest for the
                  | Orb.
     0 | D:1      | Reached XP level 1. HP: 16/16 MP: 3/3
    94 | D:1      | Reached XP level 2. HP: 18/23 MP: 3/5
   282 | D:1      | You fall into a shaft and drop 1 floor!
   282 | D:2      | Found an iron altar of Okawaru.
   794 | D:2      | Reached XP level 3. HP: 28/28 MP: 6/6
  1396 | D:2      | Found a shimmering blue altar of Sif Muna.
  1685 | D:3      | Killed from afar by an orc wizard

Illustrated notes

Levels and vault maps discovered:
D:1:      dpeg_arrival_stone_temple_mockup, layout_rooms,
          minmay_splitting_lines, minivault_26
D:2:      layout_rooms, marbit_many_paths, okawaru_gym_becter
D:3:      layout_basic

Skill      XL: |  1  2  3 |
---------------+----------+-----
Dodging        | 2 |  2.0
Transmutations | 3 |  3.2
Fighting       | |  1.1
Unarmed Combat | |  3.9
Spellcasting   | |  2.0

Action                   || total
-------------------------++-------
Melee: Unarmed           ||   117
       Kick              ||     6
       Tailslap          ||    12
       Headbutt          ||     4
       Punch             ||     1
Throw: Javelin           ||     9
 Cast: Beastly Appendage ||    17
  Eat: Chunk             ||     3
Armor: Skin              ||    43
Dodge: Dodged            ||    77
